 Dungeon Crawl Stone Soup version 0.27-a0-972-gd1521fd518 (webtiles) character file.

Game seed: 16396695687795775671

207 Alarkh the Insei (level 5, -1/39 HPs)
             Began as a Demonspawn Transmuter on Apr 13, 2021.
             Slain by an acid dragon (4 damage)
             ... on level 4 of the Dungeon.
             The game lasted 00:03:42 (3214 turns).

Alarkh the Insei (Demonspawn Transmuter)            Turns: 3214, Time: 00:03:43

Health: -1/39      AC: -2    Str:  7 (10) XL:     5   Next: 54%
Magic:  7/9        EV: 19    Int: 16 (17) God:
Gold:   95         SH:  0    Dex: 16 (19) Spells: 6/10 levels left

rFire    . . .     SeeInvis .     - Unarmed
rCold    . . .     Faith    .   (shield currently unavailable)
rNeg     . . .     Spirit   .   (armour currently unavailable)
rPois    x         Reflect  .   (helmet currently unavailable)
rElec    .         Harm     .   (cloak currently unavailable)
rCorr    .         Rampage  .   (gloves currently unavailable)
Will     .....                  (boots currently unavailable)
Stlth    +.........             (no amulet)
HPRegen  0.13/turn              (no ring)
MPRegen  0.11/turn              (no ring)

@: spider-form (expiring), corroded, flying
A: venomous fangs, tiny, (claws 1), (icy blue scales 1), (spiny 1), clever 1,
(fire resistance 1)
a: End Transformation


You were on level 4 of the Dungeon.
You were a venomous arachnid creature.
You visited 1 branch of the dungeon, and saw 4 of its levels.

You collected 95 gold pieces.

Inventory:

Missiles
 o - 12 poisoned darts
Armour
 a - a +0 robe (melded)
Magical Staves
 e - a staff of earth
Jewellery
 c - an amulet of faith
Wands
 m - a wand of acid (11)
 q - a wand of iceblast (2)
Scrolls
 b - a scroll of identify {unknown}
 d - 2 scrolls of holy word
 g - a scroll of magic mapping {unknown}
 i - a scroll of amnesia {unknown}
 j - a scroll of brand weapon
 l - a scroll of noise {unknown}
 p - a scroll of vulnerability
 r - a scroll of enchant armour {unknown}
 s - a scroll of immolation {unknown}
Potions
 h - a potion of mutation


   Skills:
 + Level 2.5 Fighting
 - Level 1.7 Dodging
 * Level 4.1 Unarmed Combat
 + Level 3.0 Spellcasting
 + Level 2.8 Transmutations


You had 6 spell levels left.
You knew the following spells:

 Your Spells              Type           Power      Damage    Failure   Level
a - Beastly Appendage     Tmut           22%        N/A       17%         1
b - Spider Form           Tmut/Pois      3%         N/A       52%         3

Your spell library contained the following spells:

 Spells                   Type           Power      Damage    Failure   Level
 Wereblood                Tmut           11%        N/A       22%         2
 Ice Form                 Ice/Tmut       6%         N/A       87%         4
 Hydra Form               Tmut           5%         N/A       95%         5


Dungeon Overview and Level Annotations

Branches:
Dungeon (4/15)
 Temple: D:4-7

Altars:
Dithmenos
Qazlal

Annotations:
D:4 2 runed translucent doors, Megustar's ghost, amateur DEFE


Innate Abilities, Weirdness & Mutations

You are a venomous arachnid creature.
You have poisonous fangs.
You are tiny and dextrous.
Your spellcasting is less reliable in this form.
Your armour is entirely melded.
You are incapable of wielding weapons or throwing items.
((You have sharp fingernails.))
((You are partially covered in icy blue scales. (AC +2)))
((You are partially covered in sharp spines.))
Your mind is acute. (Int +2)
((Your flesh is heat resistant. (rF+)))


Message History

Casting: Beastly Appendage (safe; 6% risk of failure)
Confirm with . or Enter, or press ? or * to list all spells.
Okay, then.
Casting: Beastly Appendage (safe; 6% risk of failure)
Confirm with . or Enter, or press ? or * to list all spells.
The spell is quite dangerous to cast (30% risk of failure)!
Continue anyway? [Y]es or [N]o only, please.
The spell is quite dangerous to cast (30% risk of failure)!
Continue anyway?
Your horns disappear.
Your talons disappear.
You turn into a venomous arachnid creature.
Your +0 robe melds into your body.
Your transformation is almost over.
The acid dragon roars!
The acid dragon completely misses you. The acid dragon closely misses you.
You hit the acid dragon.
The acid dragon is lightly wounded.
The acid dragon misses you. The acid dragon claws you.
You barely miss the acid dragon.
The acid dragon is lightly wounded.
The acid dragon closely misses you. The acid dragon misses you.
You hit the acid dragon but do no damage.
The acid dragon is lightly wounded.
The acid dragon misses you. The acid dragon completely misses you.
You hit the acid dragon but do no damage.
The acid dragon is poisoned.
The acid dragon is lightly wounded.
The acid dragon bites you! The acid dragon misses you.
You hit the acid dragon.
The acid dragon is moderately wounded.
The acid dragon spits acid at you. The splash of acid hits you!
The acid corrodes you!
You are splashed with acid!
* * * LOW HITPOINT WARNING * * *
You feel better. The acid dragon completely misses you.
The acid dragon closely misses you.
You hit the acid dragon.
The acid dragon is heavily wounded.
The acid dragon bites you!
* * * LOW HITPOINT WARNING * * *
The acid dragon claws you.
You die...

.# #.......... .#
#..........
.####.........
.......#######
#####.##...[#####
#.#.####.#($# #.#.#
#.#(?### #.#)#
#.###.D#
#.#.####.###s.#
#####.##..#.##..###
.....>##..#.##..###
.###.####'#.####).#
.# #.'....#.####..#
.# #.#.88.##....###
.# #.#.88.#######
.# #.#....# .#
#.######


You could see an acid dragon (poisoned, catching breath).

Vanquished Creatures
  2 jellies (D:4)
  A bullfrog skeleton (D:4)
  An iguana (D:4)
  A hound skeleton (D:4)
  2 adders
  An ufetubus (D:4)
  A worm (D:2)
  A dart slug (D:3)
  An orc (D:4)
  An endoplasm (D:4)
  3 giant cockroaches
  7 goblins
  6 hobgoblins
  5 jackals
  5 kobolds
  2 quokkas (D:2)
  2 ball pythons
  4 bats
  A frilled lizard (D:1)
  4 rats
51 creatures vanquished.

Vanquished Creatures (others)
  3 plants
3 creatures vanquished.

Grand Total: 54 creatures vanquished

Notes
Turn   | Place    | Note
-------+----------+-------------------------------------------
     0 | D:1      | Alarkh the Demonspawn Transmuter began the quest for the
                  | Orb.
     0 | D:1      | Reached XP level 1. HP: 15/15 MP: 3/3
   198 | D:1      | Gained mutation: You have sharp fingernails. [demonic
                  | ancestry]
   198 | D:1      | Reached XP level 2. HP: 15/21 MP: 3/5
   553 | D:1      | Reached skill level 3 in Unarmed Combat
   946 | D:2      | Gained mutation: You are partially covered in icy blue
                  | scales. (AC +2) [demonic ancestry]
   946 | D:2      | Reached XP level 3. HP: 21/26 MP: 4/6
  1295 | D:2      | Found a faded altar of an unknown god.
  1361 | D:2      | Learned a level 3 spell: Spider Form
  1581 | D:3      | Found a shadowy altar of Dithmenos.
  2174 | D:3      | Found a stormy altar of Qazlal.
  2515 | D:4      | Gained mutation: You are partially covered in sharp spines.
                  | [demonic ancestry]
  2515 | D:4      | Reached XP level 4. HP: 25/33 MP: 5/7
  2787 | D:4      | Reached XP level 5. HP: 27/38 MP: 7/9
  2827 | D:4      | Reached skill level 4 in Unarmed Combat
  2996 | D:4      | Found a large runed translucent door.
  2996 | D:4      | Found a large runed translucent door.
  3000 | D:4      | Noticed Megustar's ghost (amateur DEFE)
  3178 | D:4      | Noticed an acid dragon
  3201 | D:4      | Gained mutation: Your mind is acute. (Int +2) [potion of
                  | mutation]
  3201 | D:4      | Gained mutation: Your flesh is heat resistant. (rF+)
                  | [potion of mutation]
  3212 | D:4      | HP: 1/39 [acid (17)]
  3214 | D:4      | Slain by an acid dragon

Illustrated notes

Levels and vault maps discovered:
D:1:      elethiomel_arrival_quiet, layout_basic
D:2:      kennysheep_big_flooded_room, layout_loops_cross,
          hellmonk_ecumenical_altar_prayer_group
D:3:      wad_lake_hut, layout_basic, general_overflow_altar,
          overflow_temple_1_default, minmay_misc_feat_columns
D:4:      minmay_chambers_of_fours, layout_basic, ebering_ghost_disaster_area,
          sigmund_edmund_badplayer

Skill      XL: |  1  2  3  4  5 |
---------------+----------------+-----
Transmutations | 2 |  2.8
Unarmed Combat | 3 4 |  4.1
Fighting       | 2 |  2.5
Spellcasting   | 3 |  3.0
Dodging        | |  1.7

Action                   |  1- 3 |  4- 6 || total
-------------------------+-------+-------++-------
Melee: Unarmed           |    98 |    35 ||   133
       Headbutt          |    11 |     3 ||    14
       Kick              |    17 |     8 ||    25
       Punch             |     1 |       ||     1
 Cast: Beastly Appendage |    32 |    10 ||    42
       Spider Form       |       |     1 ||     1
  Use: Potion            |     1 |     4 ||     5
       Scroll            |     3 |       ||     3
 Stab: Sleeping          |       |     1 ||     1
Armor: Robe              |    14 |     4 ||    18
Dodge: Dodged            |    55 |    21 ||    76

Table legend: (Time is in decaauts)
 A = Elapsed time spent in this place.
 B = Non-inter-level travel time spent in this place.
 C = Inter-level travel time spent in this place.
 D = Time resting spent in this place.
 E = Time spent auto-exploring this place.
 F = Levels seen in this place.
 G = Mean time per level.
                   A        B        C        D        E       F      G
               +--------+--------+--------+--------+--------+-----+--------+
         Total |   3246 |   3113 |    133 |    161 |   2572 |   4 |  811.5 |
       Dungeon |   3246 |   3113 |    133 |    161 |   2572 |   4 |  811.5 |
               +--------+--------+--------+--------+--------+-----+--------+

Top non-repeatable levels by time:
     D:3: 996 daAuts
     D:2: 958 daAuts
     D:1: 716 daAuts
     D:4: 575 daAuts
